 Dungeon Crawl Stone Soup version 0.30.0-5-g1a98f26d00 (webtiles) character file.

Game seed: 13566607107482753913

1271 SeerSkye the Magician (level 8, -10/59 HPs)
             Began as a Djinni Conjurer on May 8, 2023.
             Mangled by an orc warrior
             ... wielding a +0 battleaxe
              (11 damage)
             ... on level 6 of the Dungeon.
             The game lasted 00:28:08 (4006 turns).

SeerSkye the Magician (Djinni Conjurer)             Turns: 4006, Time: 00:28:10

Health: -10/59     AC:  6    Str: 11    XL:     8   Next: 83%
Gold:   597        EV: 17    Int: 27    God:
                   SH:  0    Dex: 11

rFire   + + .        q - +8 spear of Inconvenience {freeze, Str+5 Int+4}
rCold   x . .        (no shield)
rNeg    . . .        r - +0 leather armour {rPois}
rPois   ∞            s - +0 helmet
rElec   .            d - +0 cloak
rCorr   +            b - +0 pair of gloves
SInv    .            (boots unavailable)
Will    .....        (no amulet)
Stlth   ++           j - ring of resist corrosion
HPRegen 0.29/turn    t - +5 ring of evasion
MPRegen 0.00/turn

%: infuse magic (-11 HP)
@: flying
A: sickness immunity, fire resistance 2, cold vulnerability 1, float, innate
caster, HP casting, extra vitality 1
a: no special abilities


You were on level 6 of the Dungeon.
You visited 1 branch of the dungeon, and saw 7 of its levels.
You also visited: Ossuary.

You collected 597 gold pieces.

Inventory:

Hand Weapons
 h - a +3 dagger
 q - the +8 spear of Inconvenience (weapon) {freeze, Str+5 Int+4}
   (You found it on level 4 of the Dungeon)

   Str:       It affects your strength (+5).
   Int:       It affects your intelligence (+4).
Armour
 a - a +0 robe
 b - a +0 pair of gloves (worn)
 d - a +0 cloak (worn)
 r - a +0 leather armour of poison resistance (worn)
 s - a +0 helmet (worn)
Jewellery
 j - a ring of resist corrosion (left hand)
 t - a +5 ring of evasion (right hand)
Wands
 m - a wand of mindburst (34)
 n - a wand of flame (1)
Scrolls
 g - a scroll of teleportation {unknown}
 i - 3 scrolls of magic mapping
 l - a scroll of amnesia
Potions
 c - 3 potions of flight {unknown}
 e - 8 potions of curing {@q1}
 f - 2 potions of cancellation
 k - a potion of heal wounds {unknown}
 o - a potion of attraction {unknown}
 p - a potion of brilliance {unknown}
 u - a potion of mutation {unknown}


   Skills:
 * Level 5.2 Fighting
 + Level 4.6 Dodging
 + Level 3.7 Stealth
 * Level 6.0 Spellcasting


You knew the following spells:

 Your Spells              Type           Power      Damage    Failure   Level
a - Magic Dart            Conj           100%       1d8       1%          1
b - Searing Ray           Conj           80%        2d7       1%          2
c - Dazzling Flash        Conj/Hex       80%        N/A       2%          3
d - Fulminant Prism       Conj/Hex       20%        3d12      7%          4
e - Iskenderun's Mystic   Conj/Tloc      40%        2d9       7%          4
f - Slow                  Hex            100%       N/A       1%          1
g - Wereblood             Tmut           40%        N/A       1%          2
h - Ensorcelled Hibernat  Hex/Ice        80%        N/A       1%          2
Your spell library was empty.

Dungeon Overview and Level Annotations

Branches:
Dungeon (7/15) Zot: 26911 Ossuary (visited)
 Temple: D:4-7

Altars:
Cheibriados
Nemelex Xobeh
Wu Jian
Zin

Annotations:
D:3 2 transporters, qeuew's ghost, amateur MiFi


Innate Abilities, Weirdness & Mutations

You are immune to sickness and miasma.
You are immune to poison.
Your flesh is very heat resistant. (rF++)
You are vulnerable to cold. (rC-)
You float through the air rather than walking.
You learn spells naturally, not from books.
Your magical power is your life essence.
You have superior vitality. (+4 MHP)


Message History

You finish channelling your searing ray.
The orc warrior hits you with a +0 battleaxe.
Casting: Searing Ray (safe; 1% risk of failure)
Confirm with . or Enter, or press ? or * to list all spells.
Aiming: Searing Ray (safe; 1% risk of failure)
Press: ? - help, Shift-Dir - straight line, f/p - orc warrior
Aim: an orc warrior, wielding a +0 battleaxe and wearing a +0 plate armour (heavily wounded, 82% to hit)
The searing ray hits the orc warrior but does no damage.
The orc warrior is heavily wounded. (Press . to maintain the ray.)
The orc warrior hits you with a +0 battleaxe!
* * * LOW HITPOINT WARNING * * *
The searing ray hits the orc warrior!
The orc warrior is almost dead.
* * * LOW HITPOINT WARNING * * *
The orc warrior hits you with a +0 battleaxe!
* * * LOW HITPOINT WARNING * * *
The searing ray hits the orc warrior but does no damage.
The orc warrior is almost dead.
* * * LOW HITPOINT WARNING * * *
The orc warrior closely misses you.
The searing ray hits the orc warrior but does no damage.
The orc warrior is almost dead.
* * * LOW HITPOINT WARNING * * *
You finish channelling your searing ray.
The orc warrior misses you.
Casting: Searing Ray (safe; 1% risk of failure)
Confirm with . or Enter, or press ? or * to list all spells.
Aiming: Searing Ray (safe; 1% risk of failure)
Press: ? - help, Shift-Dir - straight line, f/p - orc warrior
Aim: an orc warrior, wielding a +0 battleaxe and wearing a +0 plate armour (almost dead, 82% to hit)
The searing ray hits the orc warrior but does no damage.
The orc warrior is almost dead. (Press . to maintain the ray.)
* * * LOW HITPOINT WARNING * * *
The orc warrior hits you with a +0 battleaxe!
* * * LOW HITPOINT WARNING * * *
Without enough magic to sustain it, your searing ray dissipates.
The orc warrior hits you with a +0 battleaxe!
You die...

************
#...............
######.####.####
#....#)# ####...#
*#..# ##.#### #.....
###############...##
#)o@..........).....
#.###############..#
#.#,,,,,,,,* ##.#
#o#,******,* #..
#.#,* *,* ##. #[#,*
*,* ## #.#,******,*
#.#,,,,,<*,*
#o#*******,*


You could see an orc warrior.

Vanquished Creatures
  A steam dragon (D:5)
  A black bear (D:4)
  2 ice beasts (D:6)
  An elf zombie (Ossuary)
  A kobold brigand (D:4)
  5 scorpions
  4 hounds
  An iguana (D:4)
  A jelly (D:4)
  2 orc wizards
  2 mummies (Ossuary)
  7 adders
  A shadow imp (D:5)
  An ufetubus (D:5)
  2 worms
  2 dart slugs
  18 orcs
  6 bats
  9 endoplasms
  2 giant cockroaches (D:4)
  6 gnoll zombies (Ossuary)
  4 hobgoblins
  4 jackals (D:1)
  6 quokkas
  8 ball pythons
  3 frilled lizards
  3 goblins (D:1)
  4 goblin zombies (Ossuary)
  A hobgoblin zombie (Ossuary)
  19 kobolds
  2 orc zombies (Ossuary)
  2 rats (D:4)
131 creatures vanquished.

Vanquished Creatures (others)
  16 fulminant prisms
16 creatures vanquished.

Grand Total: 147 creatures vanquished

Notes
Turn   | Place    | Note
-------+----------+-------------------------------------------
     0 | D:1      | SeerSkye the Djinni Conjurer began the quest for the Orb.
     0 | D:1      | SeerSkye set off with the following spells memorised: Magic
                  | Dart, Searing Ray, Dazzling Flash, Fulminant Prism,
                  | Iskenderun's Mystic Blast.
     0 | D:1      | Reached XP level 1. HP: 15/15 MP: 0/0
    76 | D:1      | Reached XP level 2. HP: 17/21 MP: 0/0
   410 | D:1      | Reached XP level 3. HP: 21/25 MP: 0/0
   410 | D:1      | Learned a level 1 spell: Slow
   447 | D:1      | Reached skill level 4 in Spellcasting
  1052 | D:2      | Reached XP level 4. HP: 28/31 MP: 0/0
  1337 | D:3      | Found the +27 heavy crossbow "Sniper" {heavy, Acc+∞ SInv}
  1425 | D:3      | Found a sparkling altar of Nemelex Xobeh.
  1453 | D:3      | Found a transporter.
  1454 | D:3      | Noticed qeuew's ghost (amateur MiFi)
  1495 | D:3      | Found a transporter.
  1556 | D:3      | Identified the +5 trident of Rubbish {pain, rN+++ Int-4
                  | SInv Stlth+}
  1556 | D:3      | Identified the +6 buckler of Quantum Leap {Str+3}
  1556 | D:3      | Noticed a gnoll sergeant
  1589 | D:3      | Reached skill level 1 in Fighting
  1636 | D:3      | Found a faded altar of an unknown god.
  1904 | D:4      | Found a glowing silver altar of Zin.
  1955 | D:4      | Reached XP level 5. HP: 35/37 MP: 0/0
  1955 | D:4      | Learned a level 2 spell: Wereblood
  1958 | D:4      | Identified the +8 spear of Inconvenience {freeze, Str+5
                  | Int+4}
  1993 | D:5      | Entered Level 5 of the Dungeon
  2017 | D:4      | Noticed a kobold brigand
  2032 | D:4      | Killed a kobold brigand
  2033 | D:4      | Reached XP level 6. HP: 31/43 MP: 0/0
  2094 | D:4      | Noticed a black bear
  2101 | D:4      | Killed a black bear
  2107 | D:4      | Reached XP level 7. HP: 42/50 MP: 0/0
  2107 | D:4      | Learned a level 2 spell: Ensorcelled Hibernation
  2146 | D:4      | Reached skill level 5 in Spellcasting
  2274 | D:4      | Found a snail-covered altar of Cheibriados.
  2559 | D:5      | Reached XP level 8. HP: 34/58 MP: 0/0
  3193 | D:5      | Found an ornate altar of the Wu Jian Council.
  3300 | D:6      | Found a sand-covered staircase.
  3316 | Ossuary  | Entered an ossuary
  3331 | Ossuary  | Reached skill level 5 in Fighting
  3659 | D:6      | Reached skill level 6 in Spellcasting
  3919 | D:7      | Noticed a wyvern
  4005 | D:6      | HP: 1/59 [orc warrior/+0 battleaxe (8)]
  4006 | D:6      | Mangled by an orc warrior

Illustrated notes

Levels and vault maps discovered:
D:1:      nicolae_arrival_washed_ashore, layout_basic
D:2:      layout_basic, minmay_curled_crystal
D:3:      layout_basic, nemelex_dance_club_becter,
          dilly_ecumenical_altar_fadedgnrine, gammafunk_ghost_gnarly_gnolls,
          uniq_terence
D:4:      layout_rooms, amcnicky_altar_gilded, mainiacjoe_overflow_boulevard,
          lexackson_kobold_supper
D:5:      layout_basic, nicolae_wu_jian_immortal_techniques,
          nicolae_kikubaaqudgha_miasma_corner, minmay_misc_feat_columns,
          dk_vineyard_3
D:6:      layout_basic, nicolae_ossuary_entry_monument
D:7:      layout_rooms, overflow_temple_1_default, mainiacjoe_overflow_alcove_1,
          temple_doors_ab, enter_bailey_5, serial_shops,
          nicolae_shop_behind_doors

Skill      XL: |  1  2  3  4  5  6  7  8 |
---------------+-------------------------+-----
Spellcasting   | 4 5 6 |  6.0
Fighting       | 1 2 3 4 5 |  5.2
Stealth        | 2 3 |  3.7
Dodging        | 3 4 |  4.6

Action                     |  1- 3 |  4- 6 |  7- 9 || total
---------------------------+-------+-------+-------++-------
  Melee: Spear             |       |       |     1 ||     1
   Cast: Magic Dart        |    59 |    60 |    42 ||   161
         Searing Ray       |     4 |    11 |    26 ||    41
         Slow              |       |     1 |       ||     1
         Fulminant Prism   |       |       |    16 ||    16
    Use: Scroll            |       |       |     6 ||     6
 Armour: Robe              |     3 |       |     5 ||     8
         Leather armour    |       |       |     7 ||     7
  Dodge: Dodged            |     8 |     4 |    18 ||    30
